[Event "21st Dubai Open 2019"]
[Site "Dubai"]
[Date "2019.04.06"]
[Round "6.12"]
[White "Shailesh, Dravid"]
[Black "Can, Emre"]
[Result "0-1"]
[ECO "A36"]
[WhiteElo "2316"]
[BlackElo "2599"]
[Annotator "RC"]
[PlyCount "78"]
[EventDate "2019.04.01"]
[EventType "swiss"]
[EventCountry "UAE"]
[SourceTitle "playchess.com"]
[Source "ChessBase"]
[SourceQuality "1"]
[TimeControl "5400+30"]

1. c4 g6 2. Nc3 Bg7 3. g3 c5 4. Bg2 Nc6 5. d3 d6 6. e4 e6 7. Nge2 Nge7 8. Be3 Nd4 9. O-O O-O 10. f4 Rb8 11. Qd2 a6 12. Rab1 b6 13. h3 Bb7 14. Kh2 Qd7 15. Bg1 f5 16. b4 Ba8 17. a3 Kh8 18. Bf2 Ng8 19. Bh1 Qc7 20. Rfc1 Rbd8 21. Qe1 Rf7 22. Qg1 Nxe2 23. Nxe2 Rdf8 24. bxc5 bxc5 25. exf5 gxf5 26. Bxa8 Rxa8 27. d4 Rc8 28. dxc5 dxc5 29. Nc3 Rd7 30. Na4 Rd2 31. Qe1 Ra2 32. Kg1 Rxf2 33. Kxf2 Qc6 34. Rd1 Qxa4 35. Qxe6 Re8 36. Qd7 Qc2+ 37. Qd2 Bd4+ 38. Kf1 Qxc4+ 39. Qd3 Qd5 0-1

[Event "21st Dubai Open 2019"]
[Site "Dubai"]
[Date "2019.04.06"]
[Round "6.15"]
[White "Bellahcene, Bilel"]
[Black "Sadhwani, Raunak"]
[Result "1/2-1/2"]
[ECO "E71"]
[WhiteElo "2538"]
[BlackElo "2475"]
[Annotator "RC"]
[PlyCount "175"]
[EventDate "2019.04.01"]
[EventType "swiss"]
[EventCountry "UAE"]
[SourceTitle "playchess.com"]
[Source "ChessBase"]
[SourceQuality "1"]
[TimeControl "5400+30"]

1. d4 Nf6 2. c4 g6 3. Nc3 Bg7 4. e4 d6 5. h3 O-O 6. Nf3 e5 7. d5 Nh5 8. g3 Qe7 9. Nh2 Na6 10. Be2 f5 11. exf5 Rxf5 12. O-O Rf7 13. Kg2 Bd7 14. Ng4 Kh8 15. Be3 Qf8 16. Ne4 Re8 17. f3 Nc5 18. Bxc5 dxc5 19. Qd2 b6 20. Rae1 Nf6 21. Ngxf6 Bxf6 22. h4 Bf5 23. Bd3 Qg7 24. Nf2 Ref8 25. Be4 Be7 26. Qd3 a6 27. Re3 Bd6 28. Rh1 h5 29. Qe2 Kg8 30. Ra3 Bc8 31. Qc2 Rf6 32. Qd2 Be7 33. Bc2 Bg4 34. Nxg4 hxg4 35. fxg4 Rf2+ 36. Qxf2 Rxf2+ 37. Kxf2 e4 38. Re3 Qxb2 39. Re2 Qd4+ 40. Kg2 e3 41. Rhe1 Bxh4 42. Rxe3 Bf6 43. Re4 Qc3 44. R1e2 Kg7 45. Kh2 Qf3 46. Rg2 b5 47. Rf4 Qc3 48. cxb5 axb5 49. g5 Be5 50. Rg4 Qf3 51. Kh3 c4 52. Rh4 b4 53. Rxc4 Bxg3 54. Be4 Qf1 55. Kxg3 Qxc4 56. Kf4 Qc1+ 57. Kf3 Qf1+ 58. Ke3 Qa1 59. Rc2 Qe5 60. Kf3 Kf8 61. Rc6 Qxg5 62. Rxg6 Qh5+ 63. Ke3 Qh3+ 64. Bf3 Ke7 65. Rg7+ Kd6 66. Rg6+ Ke5 67. Re6+ Kf5 68. Rc6 Qg3 69. Rc4 Qg1+ 70. Kd3 Qb1+ 71. Rc2 Kf4 72. Be2 Kg3 73. Kd2 Kf2 74. Bd1 Qa1 75. Kd3+ Kg3 76. Be2 Qe5 77. Kc4 Qe7 78. Kb3 Kf4 79. Bc4 Qe1 80. Kb2 Qe5+ 81. Kb1 Qd6 82. Bb3 Ke3 83. Kb2 Qf6+ 84. Kb1 Qg6 85. Kb2 Qg7+ 86. Kb1 Kd3 87. Bc4+ Kd4 88. Bb3 1/2-1/2

[Event "21st Dubai Open 2019"]
[Site "Dubai"]
[Date "2019.04.06"]
[Round "6.17"]
[White "Mulenga, Prince Daniel"]
[Black "Kuybokarov, Temur"]
[Result "1-0"]
[ECO "D38"]
[WhiteElo "2252"]
[BlackElo "2519"]
[Annotator "ChessBase"]
[PlyCount "85"]
[EventDate "2019.04.01"]
[EventType "swiss"]
[EventCountry "UAE"]
[SourceTitle "playchess.com"]
[Source "ChessBase"]
[SourceQuality "1"]
[TimeControl "5400+30"]

1. d4 Nf6 2. c4 e6 3. Nf3 d5 4. Nc3 Bb4 5. Qa4+ Nc6 6. e3 O-O 7. Be2 a6 8. Qc2 dxc4 9. Bxc4 Bd6 10. O-O b5 11. Be2 Bb7 12. a3 e5 13. d5 Ne7 14. e4 c6 15. dxc6 Nxc6 16. Bg5 h6 17. Bh4 Nd4 18. Qd3 Nxe2+ 19. Qxe2 Qe7 20. Rad1 Qe6 21. Bxf6 Qxf6 22. Nd5 Qe6 23. Nh4 g6 24. Qe3 Kg7 25. Rd3 Rad8 26. Rfd1 Bb8 27. Qg3 Kh7 28. Nf3 Bd6 29. Qh4 Kg7 30. h3 f6 31. Nh2 f5 32. exf5 gxf5 33. Rg3+ Kh8 34. Nf3 Bxd5 35. Rxd5 e4 36. Ne5 Bxe5 37. Rxd8 Bxg3 38. Rxf8+ Kg7 39. Qd8 e3 40. fxg3 e2 41. Rg8+ Qxg8 42. Qxg8+ Kxg8 43. Kf2 1-0

[Event "21st Dubai Open 2019"]
[Site "Dubai"]
[Date "2019.04.06"]
[Round "6.18"]
[White "Venkatesh, M.R."]
[Black "Dimakiling, Oliver"]
[Result "0-1"]
[ECO "B20"]
[WhiteElo "2517"]
[BlackElo "2404"]
[Annotator "ChessBase"]
[PlyCount "84"]
[EventDate "2019.04.01"]
[EventType "swiss"]
[EventCountry "UAE"]
[SourceTitle "playchess.com"]
[Source "ChessBase"]
[SourceQuality "1"]
[TimeControl "5400+30"]

1. e4 c5 2. Be2 Nc6 3. f4 Nf6 4. d3 d6 5. Nf3 e5 6. O-O c4 7. Nc3 cxd3 8. Qxd3 Be7 9. a3 O-O 10. f5 h6 11. Kh1 a6 12. Be3 b5 13. Nd5 Nxd5 14. exd5 Nb8 15. a4 b4 16. g4 Nd7 17. g5 hxg5 18. Rg1 e4 19. Qxe4 Bf6 20. Nxg5 Re8 21. Qh4 Rxe3 22. Qh7+ Kf8 23. Ne6+ Rxe6 24. fxe6 Ne5 25. exf7 Bb7 26. Rad1 Nxf7 27. Bh5 Qe7 28. Rd3 Re8 29. Bg6 Qe2 30. Qh3 Re3 31. Qf5 Rxd3 32. cxd3 Ne5 33. Qe4 Nxg6 34. Qxe2 Bxd5+ 35. Qe4 Bxe4+ 36. dxe4 Nf4 37. b3 Ke7 38. h4 Nd3 39. Kg2 Bxh4 40. Kf3 Bf6 41. a5 Nc5 42. Rb1 Ke6 0-1

[Event "21st Dubai Open 2019"]
[Site "Dubai"]
[Date "2019.04.06"]
[Round "6.19"]
[White "Aravindh, Chithambaram VR."]
[Black "Tissir, Mohamed"]
[Result "1-0"]
[ECO "E69"]
[WhiteElo "2602"]
[BlackElo "2386"]
[Annotator "ChessBase"]
[PlyCount "75"]
[EventDate "2019.04.01"]
[EventType "swiss"]
[EventCountry "UAE"]
[SourceTitle "playchess.com"]
[Source "ChessBase"]
[SourceQuality "1"]
[TimeControl "5400+30"]

1. d4 Nf6 2. c4 g6 3. Nc3 Bg7 4. g3 O-O 5. Bg2 d6 6. Nf3 Nbd7 7. O-O e5 8. e4 c6 9. h3 Re8 10. Re1 exd4 11. Nxd4 Qc7 12. Be3 a6 13. Qc2 Rb8 14. a4 Ne5 15. b3 c5 16. Nde2 b6 17. Rad1 Bb7 18. Qd2 Bf8 19. g4 h5 20. g5 Nh7 21. f4 Nd7 22. Ng3 Rbd8 23. Qf2 Bg7 24. e5 Bxg2 25. Qxg2 dxe5 26. Nd5 Qb8 27. f5 e4 28. Nxe4 Qe5 29. fxg6 Qxe4 30. gxh7+ Qxh7 31. Bf4 Bd4+ 32. Kh2 Kh8 33. Ne7 Rxe7 34. Rxe7 Qf5 35. Qe4 Qxe4 36. Rxe4 Kg8 37. Rexd4 cxd4 38. Rxd4 1-0

[Event "21st Dubai Open 2019"]
[Site "Dubai"]
[Date "2019.04.06"]
[Round "6.21"]
[White "Koniahli, Malek."]
[Black "Visakh N R"]
[Result "0-1"]
[ECO "A46"]
[WhiteElo "2299"]
[BlackElo "2509"]
[Annotator "ChessBase"]
[PlyCount "70"]
[EventDate "2019.04.01"]
[EventType "swiss"]
[EventCountry "UAE"]
[SourceTitle "playchess.com"]
[Source "ChessBase"]
[SourceQuality "1"]
[TimeControl "5400+30"]

1. d4 Nf6 2. Nf3 e6 3. Bf4 c5 4. e3 b6 5. Nbd2 cxd4 6. exd4 Bb7 7. Bd3 Be7 8. h3 O-O 9. O-O d6 10. c3 Nbd7 11. Qe2 Re8 12. Bh2 a6 13. Rfe1 Nf8 14. a4 Ng6 15. Ne4 Bxe4 16. Bxe4 Nxe4 17. Qxe4 Qc8 18. d5 e5 19. Nd2 f5 20. Qe2 Qc5 21. Qc4 Rec8 22. Qb3 Bg5 23. Rad1 b5 24. Qc2 Bxd2 25. Rxd2 f4 26. Re4 Rab8 27. Qd3 b4 28. cxb4 Rxb4 29. Rxb4 Qxb4 30. Rd1 Qxa4 31. b3 Qb5 32. Qf5 Re8 33. Qc2 Ne7 34. Kh1 Rc8 35. Qb2 Rc5 0-1

[Event "21st Dubai Open 2019"]
[Site "Dubai"]
[Date "2019.04.06"]
[Round "6.24"]
[White "Divya Deshmukh"]
[Black "Kunal, M.."]
[Result "1-0"]
[ECO "A45"]
[WhiteElo "2432"]
[BlackElo "2273"]
[Annotator "NA"]
[PlyCount "59"]
[EventDate "2019.04.01"]
[EventType "swiss"]
[EventCountry "UAE"]
[SourceTitle "playchess.com"]
[Source "ChessBase"]
[SourceQuality "1"]
[TimeControl "5400+30"]

1. d4 Nf6 2. Bg5 e6 3. e4 h6 4. Bxf6 Qxf6 5. Nf3 d5 6. Nbd2 c5 7. c3 Nc6 8. Bb5 Bd7 9. O-O cxd4 10. cxd4 Be7 11. Qb3 a6 12. Bd3 b5 13. a4 b4 14. Rac1 O-O 15. Rfe1 Rfc8 16. exd5 Nxd4 17. Nxd4 Rxc1 18. Rxc1 Qxd4 19. Nf3 Qf4 20. Re1 Bf6 21. a5 exd5 22. Qxd5 Rd8 23. Qxd7 g6 24. Re8+ Rxe8 25. Qxe8+ Kg7 26. b3 Qc1+ 27. Qe1 Qa3 28. Bc4 Qxa5 29. h3 Qa3 30. Qe8 1-0

[Event "21st Dubai Open 2019"]
[Site "Dubai"]
[Date "2019.04.06"]
[Round "6.25"]
[White "Mullick, Raahil"]
[Black "Shyaamnikhil P"]
[Result "0-1"]
[ECO "B90"]
[WhiteElo "2275"]
[BlackElo "2429"]
[Annotator "NA"]
[PlyCount "88"]
[EventDate "2019.04.01"]
[EventType "swiss"]
[EventCountry "UAE"]
[SourceTitle "playchess.com"]
[Source "ChessBase"]
[SourceQuality "1"]
[TimeControl "5400+30"]

1. e4 c5 2. Nf3 d6 3. d4 cxd4 4. Nxd4 Nf6 5. Nc3 a6 6. Be3 e5 7. Nb3 Be6 8. f3 Nbd7 9. Qd2 Be7 10. O-O-O b5 11. g4 Nb6 12. g5 Nfd7 13. Nd5 Bxd5 14. exd5 Rc8 15. Kb1 Nc4 16. Bxc4 bxc4 17. Nc1 c3 18. bxc3 Rc4 19. Nb3 Qc7 20. Qe2 Ra4 21. h4 O-O 22. h5 f5 23. gxf6 Bxf6 24. Rhg1 Qxc3 25. Rd3 Qc8 26. Bg5 Rf7 27. Bxf6 Nxf6 28. h6 g6 29. Qd2 Rc7 30. Rc1 Qb7 31. Ka1 Qb4 32. Qxb4 Rxb4 33. a3 Rbc4 34. Kb2 Rh4 35. Na5 Rxh6 36. c4 Rh2+ 37. Kb3 Nd7 38. Re3 Nc5+ 39. Kc3 Ra2 40. Kb4 Rb2+ 41. Kc3 Na4+ 42. Kd3 Nc5+ 43. Kc3 Na4+ 44. Kd3 Ra2 {[%emt 0:00:04] Kd4} 0-1

[Event "21st Dubai Open 2019"]
[Site "Dubai"]
[Date "2019.04.06"]
[Round "6.26"]
[White "Laxman, R.R."]
[Black "Poormosavi, Seyed Kian"]
[Result "1-0"]
[ECO "A46"]
[WhiteElo "2428"]
[BlackElo "2260"]
[Annotator "NA"]
[PlyCount "93"]
[EventDate "2019.04.01"]
[EventType "swiss"]
[EventCountry "UAE"]
[SourceTitle "playchess.com"]
[Source "ChessBase"]
[SourceQuality "1"]
[TimeControl "5400+30"]

1. d4 Nf6 2. Nf3 e6 3. c4 d5 4. e3 Be7 5. Nc3 O-O 6. Bd3 dxc4 7. Bxc4 c5 8. O-O Nc6 9. a3 b6 10. dxc5 Bxc5 11. b4 Bd6 12. Bb2 a6 13. Ne2 Bb7 14. Rc1 Qe7 15. Ng3 Ng4 16. Bd3 Nge5 17. Nxe5 Nxe5 18. Bxe5 Bxe5 19. Bxh7+ Kxh7 20. Qh5+ Kg8 21. Qxe5 Rac8 22. e4 Qd7 23. Rcd1 Qc7 24. Qg5 f6 25. Qg4 Qe7 26. Rc1 f5 27. exf5 exf5 28. Qf4 g6 29. h4 Qf6 30. f3 Rcd8 31. Rfd1 Rf7 32. Rxd8+ Qxd8 33. Qg5 Qxg5 34. hxg5 Rd7 35. Ne2 Kf7 36. Nf4 Bd5 37. Kh2 b5 38. Rd1 Be6 39. Rxd7+ Bxd7 40. Kg3 Be8 41. Kf2 Ke7 42. Ke3 Kd7 43. Kd4 Kd6 44. g3 Bc6 45. Nxg6 Bxf3 46. Nh4 Be4 47. g4 1-0

[Event "21st Dubai Open 2019"]
[Site "Dubai"]
[Date "2019.04.06"]
[Round "6.28"]
[White "Manush Shah"]
[Black "Raahul V S"]
[Result "0-1"]
[ECO "A48"]
[WhiteElo "2405"]
[BlackElo "2252"]
[Annotator "NA"]
[PlyCount "120"]
[EventDate "2019.04.01"]
[EventType "swiss"]
[EventCountry "UAE"]
[SourceTitle "playchess.com"]
[Source "ChessBase"]
[SourceQuality "1"]
[TimeControl "5400+30"]

1. d4 Nf6 2. Nf3 g6 3. Nc3 d5 4. Bf4 Bg7 5. e3 O-O 6. Be2 c6 7. h4 Qa5 8. Nd2 h5 9. Rb1 Nbd7 10. b4 Qd8 11. e4 dxe4 12. Ndxe4 Nxe4 13. Nxe4 Nb6 14. c3 Bf5 15. Bf3 Nd5 16. Qd2 Nxf4 17. Qxf4 e5 18. dxe5 Bxe5 19. Qe3 Re8 20. Rd1 Qe7 21. Kf1 Qe6 22. Ng3 Bxg3 23. Qxe6 Bxe6 24. fxg3 Bxa2 25. Rd7 Rab8 26. Kf2 Be6 27. Rd4 Red8 28. Rhd1 Rxd4 29. Rxd4 Kf8 30. g4 hxg4 31. Bxg4 Bxg4 32. Rxg4 Rc8 33. Ke3 a6 34. Kd4 b6 35. Kc4 Rd8 36. Rf4 Kg7 37. Rf2 Rd5 38. Ra2 a5 39. bxa5 Rc5+ 40. Kb4 Rb5+ 41. Kc4 bxa5 42. Rd2 Rb6 43. Kc5 Ra6 44. Ra2 a4 45. Ra3 Kf6 46. c4 Kf5 47. Kd6 Ke4 48. Kc7 c5 49. Kb7 Re6 50. Rxa4 Kd4 51. g4 Re4 52. h5 Rxg4 53. hxg6 Rxg6 54. Ra1 f5 55. Rf1 Rf6 56. Kc7 f4 57. Kd7 f3 58. Ke7 Rf4 59. Ke6 f2 60. Kd6 Kxc4 0-1

[Event "21st Dubai Open 2019"]
[Site "Dubai"]
[Date "2019.04.06"]
[Round "6.29"]
[White "Nitin, S.."]
[Black "Jeet, Jain"]
[Result "1-0"]
[ECO "A08"]
[WhiteElo "2400"]
[BlackElo "2219"]
[Annotator "NA"]
[PlyCount "97"]
[EventDate "2019.04.01"]
[EventType "swiss"]
[EventCountry "UAE"]
[SourceTitle "playchess.com"]
[Source "ChessBase"]
[SourceQuality "1"]
[TimeControl "5400+30"]

1. Nf3 d5 2. g3 c5 3. Bg2 Nc6 4. O-O e5 5. d3 Be7 6. e4 d4 7. Na3 h5 8. c3 h4 9. Nc4 Qc7 10. cxd4 cxd4 11. Qb3 Be6 12. Bd2 Rb8 13. a4 Nh6 14. a5 hxg3 15. hxg3 f6 16. Nh4 g5 17. Nf5 Nxf5 18. exf5 Bxf5 19. Rfc1 Be6 20. Qb5 Bd7 21. Qd5 Nd8 22. Qe4 Bc6 23. Qg6+ Nf7 24. a6 Qd7 25. Nxe5 fxe5 26. Rxc6 bxc6 27. Bxc6 Qxc6 28. Qxc6+ Kf8 29. b4 Bd6 30. Qd7 Ra8 31. Rc1 Kg7 32. Bxg5 Rh5 33. Bd2 Rah8 34. Qg4+ Kf6 35. Qf3+ Ke6 36. b5 Rf5 37. Qe4 Rb8 38. Qc6 Nd8 39. Qc4+ Ke7 40. Kg2 Ne6 41. Rh1 Rf7 42. Rh6 Rf6 43. Rh7+ Rf7 44. Rxf7+ Kxf7 45. Ba5 Bc5 46. Bc7 Rg8 47. Bxe5 Ke7 48. f4 Rf8 49. g4 1-0

[Event "21st Dubai Open 2019"]
[Site "Dubai"]
[Date "2019.04.06"]
[Round "6.30"]
[White "Pranav Vijay"]
[Black "Dhulipalla Bala Chandra Prasa"]
[Result "1/2-1/2"]
[ECO "C77"]
[WhiteElo "2265"]
[BlackElo "2384"]
[Annotator "NA"]
[PlyCount "96"]
[EventDate "2019.04.01"]
[EventType "swiss"]
[EventCountry "UAE"]
[SourceTitle "playchess.com"]
[Source "ChessBase"]
[SourceQuality "1"]
[TimeControl "5400+30"]

1. e4 e5 2. Nf3 Nc6 3. Bb5 a6 4. Ba4 Nf6 5. Bxc6 dxc6 6. d3 Nd7 7. Nbd2 Be7 8. Nc4 f6 9. O-O Nc5 10. h3 Be6 11. Ne3 Qd7 12. a4 a5 13. b3 Bf7 14. Nf5 Ne6 15. Bb2 c5 16. Nd2 O-O-O 17. Nc4 b6 18. Qf3 Bg6 19. Qg4 Kb7 20. Nfe3 Nf4 21. Qxd7 Rxd7 22. g3 Ne2+ 23. Kg2 Re8 24. Rae1 Nd4 25. f4 exf4 26. gxf4 Bd8 27. Bxd4 cxd4 28. Ng4 c6 29. e5 fxe5 30. Ngxe5 Rd5 31. Nxg6 Rxe1 32. Rxe1 hxg6 33. Re5 Bc7 34. Rxd5 cxd5 35. Ne5 g5 36. Nf3 gxf4 37. Nxd4 Be5 38. Ne6 Bf6 39. Nxf4 Kc6 40. c4 dxc4 41. dxc4 Kc5 42. Nd5 Bd8 43. Kf3 Kd4 44. Ke2 g5 45. Kd2 Ke4 46. Ke2 Kd4 47. Kd2 Ke4 48. Ke2 Ke5 1/2-1/2

[Event "21st Dubai Open 2019"]
[Site "Dubai"]
[Date "2019.04.06"]
[Round "6.31"]
[White "Rathnakaran, K.."]
[Black "Blagojevic, Tijana"]
[Result "1-0"]
[ECO "C65"]
[WhiteElo "2351"]
[BlackElo "2216"]
[Annotator "NA"]
[PlyCount "111"]
[EventDate "2019.04.01"]
[EventType "swiss"]
[EventCountry "UAE"]
[SourceTitle "playchess.com"]
[Source "ChessBase"]
[SourceQuality "1"]
[TimeControl "5400+30"]

1. e4 e5 2. Nf3 Nc6 3. Bb5 Nf6 4. Qe2 Bc5 5. c3 O-O 6. d3 Re8 7. Bg5 a6 8. Ba4 b5 9. Bc2 h6 10. Bh4 Be7 11. Nbd2 Nh5 12. Bxe7 Qxe7 13. g3 d6 14. Nf1 Qf6 15. Ne3 Ne7 16. Nh4 Nf4 17. gxf4 Qxh4 18. f5 g6 19. Rg1 Kh8 20. Qf3 Qf4 21. Qe2 Qh4 22. Bb3 gxf5 23. exf5 Nxf5 24. Bxf7 Rf8 25. Bd5 c6 26. Bxc6 Ra7 27. O-O-O Ne7 28. Be4 Be6 29. Rg3 d5 30. Ng2 Qf6 31. Qe3 Rc7 32. Bg6 Nxg6 33. Qxh6+ Rh7 34. Qxg6 Rxh2 35. Rd2 Qxg6 36. Rxg6 Bf5 37. Rg3 e4 38. d4 Bh3 39. Ne3 Be6 40. Rg6 Bg8 41. Nd1 Ra8 42. f4 Rh4 43. Ne3 Rh3 44. Re2 Rf8 45. f5 Bh7 46. Rg5 Rf3 47. Kd2 Rg8 48. Rh5 Rgg3 49. Rh6 Kg7 50. Rxa6 Bxf5 51. Rd6 Bh3 52. Rxd5 Bf1 53. Nxf1 Rxf1 54. Rxe4 Rgg1 55. Rxb5 Rc1 56. Rg4+ 1-0

[Event "21st Dubai Open 2019"]
[Site "Dubai"]
[Date "2019.04.06"]
[Round "6.32"]
[White "Concio, Michael Jr."]
[Black "Sidhant, Mohapatra"]
[Result "0-1"]
[ECO "A37"]
[WhiteElo "2071"]
[BlackElo "2348"]
[Annotator "NA"]
[PlyCount "88"]
[EventDate "2019.04.01"]
[EventType "swiss"]
[EventCountry "UAE"]
[SourceTitle "playchess.com"]
[Source "ChessBase"]
[SourceQuality "1"]
[TimeControl "5400+30"]

1. c4 c5 2. Nf3 Nc6 3. Nc3 g6 4. g3 Bg7 5. Bg2 e6 6. O-O Nge7 7. b3 O-O 8. Bb2 d5 9. Na4 Bxb2 10. Nxb2 d4 11. Nd3 Qd6 12. Ng5 f5 13. f4 e5 14. e4 dxe3 15. dxe3 e4 16. Nb2 Qf6 17. Qe2 h6 18. Nh3 Be6 19. Rfd1 Rad8 20. Nf2 Nb4 21. a3 Nbc6 22. Qc2 Nc8 23. Rxd8 Rxd8 24. Rd1 Nd6 25. Bf1 g5 26. Na4 b6 27. Nc3 gxf4 28. gxf4 Kh7 29. Kh1 Bf7 30. Nd5 Qg7 31. Nh3 Rg8 32. Bg2 Bh5 33. Rg1 Bg4 34. Rf1 Nc8 35. Qc3 Qxc3 36. Nxc3 N8e7 37. Nf2 Bh5 38. Rb1 Na5 39. h3 Ng6 40. Nd5 Kg7 41. b4 Nxc4 42. bxc5 Nh4 43. Rc1 Kf7 44. Nxe4 fxe4 0-1

[Event "21st Dubai Open 2019"]
[Site "Dubai"]
[Date "2019.04.06"]
[Round "6.33"]
[White "Quizon, Daniel"]
[Black "Aaryan Varshney"]
[Result "1-0"]
[ECO "B34"]
[WhiteElo "2340"]
[BlackElo "2199"]
[Annotator "NA"]
[PlyCount "91"]
[EventDate "2019.04.01"]
[EventType "swiss"]
[EventCountry "UAE"]
[SourceTitle "playchess.com"]
[Source "ChessBase"]
[SourceQuality "1"]
[TimeControl "5400+30"]

1. e4 c5 2. Nc3 Nc6 3. Nge2 g6 4. d4 cxd4 5. Nxd4 Bg7 6. Be3 Nf6 7. Nxc6 bxc6 8. e5 Ng8 9. Bd4 f6 10. exf6 Nxf6 11. Bc4 d5 12. Bb3 Qd6 13. Qe2 O-O 14. O-O-O Nd7 15. Kb1 Bxd4 16. Rxd4 Kh8 17. h4 e5 18. Rdd1 Nf6 19. f3 h5 20. Rde1 Re8 21. Qd2 Kg7 22. g4 hxg4 23. h5 Bf5 24. fxg4 Nxg4 25. Ne4 Bxe4 26. Rxe4 Nf6 27. hxg6 Kxg6 28. Reh4 Rg8 29. Rh7 Kf5 30. Qf2+ Ke6 31. Rf1 Qf8 32. Qf5+ Kd6 33. Qxf6+ Qxf6 34. Rxf6+ Kc5 35. a3 e4 36. Rhh6 e3 37. Rxc6+ Kd4 38. Rh4+ Ke5 39. Rh5+ Kf4 40. Rf6+ Kg4 41. Re5 Rae8 42. Rfe6 Rxe6 43. Rxe6 Kf3 44. Bxd5+ Ke2 45. Rxe3+ Kxe3 46. Bxg8 1-0

[Event "21st Dubai Open 2019"]
[Site "Dubai"]
[Date "2019.04.06"]
[Round "6.34"]
[White "Naboka, Sergey"]
[Black "Chekh Adm Khedr, Aram"]
[Result "1-0"]
[ECO "C50"]
[WhiteElo "2327"]
[BlackElo "2146"]
[Annotator "NA"]
[PlyCount "59"]
[EventDate "2019.04.01"]
[EventType "swiss"]
[EventCountry "UAE"]
[SourceTitle "playchess.com"]
[Source "ChessBase"]
[SourceQuality "1"]
[TimeControl "5400+30"]

1. e4 e5 2. Nf3 Nc6 3. Bc4 Bc5 4. O-O Nf6 5. d4 Bxd4 6. Nxd4 Nxd4 7. f4 d6 8. fxe5 dxe5 9. Bg5 Qe7 10. Na3 Be6 11. c3 Nc6 12. b4 Nb8 13. Qe2 c6 14. Bxe6 Qxe6 15. Rad1 Nbd7 16. Nc4 O-O 17. Nd6 a5 18. Nf5 axb4 19. Rd6 Qxa2 20. Qf3 b3 21. Bxf6 Nxf6 22. Rxf6 b2 23. Qg3 g6 24. Ne7+ Kh8 25. Qxe5 Qa5 26. Nd5 Kg8 27. Rxc6 Qxd5 28. exd5 bxc6 29. dxc6 Ra1 30. Qb5 1-0

[Event "21st Dubai Open 2019"]
[Site "Dubai"]
[Date "2019.04.06"]
[Round "6.37"]
[White "Gandhi, Anish"]
[Black "Darini, Pouria"]
[Result "0-1"]
[ECO "B87"]
[WhiteElo "2202"]
[BlackElo "2455"]
[Annotator "RC"]
[PlyCount "116"]
[EventDate "2019.04.01"]
[EventType "swiss"]
[EventCountry "UAE"]
[SourceTitle "playchess.com"]
[Source "ChessBase"]
[SourceQuality "1"]
[TimeControl "5400+30"]

1. e4 c5 2. Nf3 d6 3. d4 cxd4 4. Nxd4 Nf6 5. Nc3 a6 6. Bc4 e6 7. Bb3 b5 8. f4 Bb7 9. O-O Be7 10. Bxe6 fxe6 11. Nxe6 Qb6+ 12. Kh1 Nbd7 13. Nxg7+ Kf7 14. Nf5 h5 15. Be3 Qc6 16. Qd4 Bf8 17. Nh4 Rg8 18. Nf3 Nxe4 19. Nxe4 Qxe4 20. Ng5+ Rxg5 21. fxg5+ Kg8 22. Qd2 Ne5 23. Bd4 Bg7 24. Rae1 Qd5 25. c3 Re8 26. Rf2 Re6 27. Qe2 h4 28. h3 Re7 29. Ref1 Qe6 30. Qh5 Qxh3+ 31. Kg1 Qg4 32. Qxg4 Nxg4 33. Rf4 Ne5 34. Rxh4 Re6 35. Rhf4 Bd5 36. b3 Rg6 37. Be3 Nd3 38. Rf5 Be6 39. R5f3 Ne5 40. Rf4 Nf7 41. Re4 Be5 42. Rf6 Rxf6 43. gxf6 d5 44. Rh4 Bxf6 45. Rf4 Bxc3 46. Bd4 Bxd4+ 47. Rxd4 Nd6 48. Rf4 Ne4 49. Kf1 Kg7 50. a3 Nd2+ 51. Ke2 Nxb3 52. a4 d4 53. axb5 Bc4+ 54. Kd1 axb5 55. Kc2 d3+ 56. Kd1 Kg6 57. Ke1 Kg5 58. g3 Be6 0-1

[Event "21st Dubai Open 2019"]
[Site "Dubai"]
[Date "2019.04.07"]
[Round "7.8"]
[White "Can, Emre"]
[Black "Dimakiling, Oliver"]
[Result "1-0"]
[ECO "A50"]
[WhiteElo "2599"]
[BlackElo "2404"]
[Annotator "ChessBase"]
[PlyCount "97"]
[EventDate "2019.04.01"]
[EventType "swiss"]
[EventCountry "UAE"]
[SourceTitle "playchess.com"]
[Source "ChessBase"]
[SourceQuality "1"]
[TimeControl "5400+30"]

1. d4 Nf6 2. c4 b6 3. Nc3 Bb7 4. Qc2 d6 5. e4 Nbd7 6. Nf3 e5 7. d5 Be7 8. Be2 c6 9. O-O Rc8 10. Be3 O-O 11. Nd2 Ne8 12. dxc6 Bxc6 13. Rfd1 g6 14. Bh6 Ng7 15. Bg4 Rc7 16. Nf1 Nc5 17. Ne3 Bg5 18. Bxg7 Kxg7 19. Ned5 Rb7 20. Nb4 Be8 21. Nb5 Be7 22. Nd5 h5 23. Bh3 a5 24. b3 Bd7 25. Bxd7 Rxd7 26. a3 f5 27. exf5 Rxf5 28. b4 Ne6 29. Rd3 Bf8 30. Rad1 Rdf7 31. f3 Qg5 32. Qd2 Qh4 33. Qf2 Qxc4 34. Nxd6 Bxd6 35. Ne3 Bc5 36. bxc5 Qxc5 37. Nxf5+ gxf5 38. Qxc5 bxc5 39. Rd5 Kf6 40. Re1 Nf4 41. Rxc5 Nd3 42. Rc6+ Kg5 43. Re3 Rd7 44. g3 f4 45. Re2 Rd5 46. Rd2 fxg3 47. hxg3 Kf5 48. Rc4 Rd7 49. Kf1 1-0

[Event "21st Dubai Open 2019"]
[Site "Dubai"]
[Date "2019.04.07"]
[Round "7.9"]
[White "Abdusattorov, Nodirbek"]
[Black "Raghunandan, Kaumandur Srihari"]
[Result "1-0"]
[ECO "B90"]
[WhiteElo "2578"]
[BlackElo "2370"]
[Annotator "ChessBase"]
[PlyCount "81"]
[EventDate "2019.04.01"]
[EventType "swiss"]
[EventCountry "UAE"]
[SourceTitle "playchess.com"]
[Source "ChessBase"]
[SourceQuality "1"]
[TimeControl "5400+30"]

1. e4 c5 2. Nf3 d6 3. d4 cxd4 4. Nxd4 Nf6 5. Nc3 a6 6. Be3 e5 7. Nb3 Be6 8. f3 h5 9. Qd2 Nbd7 10. O-O-O Rc8 11. Kb1 Be7 12. Bg5 Qc7 13. h4 b5 14. a3 Nb6 15. Bxf6 gxf6 16. Na5 Kf8 17. Be2 f5 18. f4 fxe4 19. Rhf1 exf4 20. Nxe4 d5 21. Ng5 Bxg5 22. hxg5 Rg8 23. Rxf4 Rxg5 24. Nb3 Rxg2 25. Nd4 Qe5 26. Nxe6+ Qxe6 27. Qb4+ Kg8 28. Bxh5 Rc4 29. Rxc4 Nxc4 30. Bf3 a5 31. Qc3 Rg3 32. Rh1 Ne5 33. Qc7 Rh3 34. Rg1+ Kh7 35. Bxd5 Qf5 36. Ka2 b4 37. Re1 Ng6 38. Bxf7 Kh6 39. Bxg6 Qxg6 40. Qf4+ Qg5 41. Re6+ 1-0

[Event "21st Dubai Open 2019"]
[Site "Dubai"]
[Date "2019.04.07"]
[Round "7.10"]
[White "Debashis, Das"]
[Black "Bharath Subramaniyam H"]
[Result "1-0"]
[ECO "A61"]
[WhiteElo "2538"]
[BlackElo "2301"]
[Annotator "ChessBase"]
[PlyCount "97"]
[EventDate "2019.04.01"]
[EventType "swiss"]
[EventCountry "UAE"]
[SourceTitle "playchess.com"]
[Source "ChessBase"]
[SourceQuality "1"]
[TimeControl "5400+30"]

1. d4 Nf6 2. c4 e6 3. Nc3 c5 4. d5 exd5 5. cxd5 d6 6. Nf3 g6 7. Nd2 Nbd7 8. e4 Bg7 9. Be2 O-O 10. O-O Re8 11. a4 Ne5 12. Qc2 Bg4 13. Bb5 Bd7 14. Be2 Bg4 15. f4 Ned7 16. Bd3 Nh5 17. Nc4 Nb6 18. Ne3 Bd4 19. a5 c4 20. axb6 cxd3 21. Qxd3 Bxb6 22. Kh1 Bd7 23. Nc4 Bc5 24. Be3 b5 25. Nd2 b4 26. Nd1 Rc8 27. Bxc5 Rxc5 28. Rf2 Qh4 29. Kg1 Bb5 30. Qf3 Rc2 31. g3 Qh3 32. f5 Re7 33. Ne3 Rxb2 34. Rc1 f6 35. fxg6 hxg6 36. Ng4 Kh8 37. e5 dxe5 38. d6 Rf7 39. Qd5 Rg7 40. Nxf6 Nxf6 41. Rxf6 Bd7 42. Rf8+ Kh7 43. Qa8 Kh6 44. Rh8+ Rh7 45. Qf8+ Kg5 46. Nf3+ Kg4 47. Nxe5+ Kg5 48. Qf4+ Kh5 49. Rxh7# 1-0